 Dungeon Crawl Stone Soup version 0.26.0-10-g1f06aea511 (webtiles) character file.

Game seed: 12131987463301318679

32 Mattiprrivan the Vandal (level 3, 0/16 HPs)
             Began as a Spriggan Hunter on Jan 14, 2021.
             Was a Follower of Hepliaklqana.
             Slain by a gnoll
             ... wielding a +0 spear
              (12 damage)
             ... on level 2 of the Dungeon.
             The game lasted 00:08:05 (300 turns).

Mattiprrivan the Vandal (Spriggan Hunter)            Turns: 300, Time: 00:08:07

Health: 0/16       AC:  3    Str:  9    XL:     3   Next: 8%
Magic:  4/4        EV: 18    Int: 12    God:    Hepliaklqana [*.....]
Gold:   24         SH:  0    Dex: 16    Spells: 2/2 levels left

rFire    . . .     SeeInvis +   a - +1 hunting sling
rCold    . . .     Faith    .   (shield restricted)
rNeg     . . .     Spirit   .   c - +0 robe
rPois    .         Reflect  .   (helmet restricted)
rElec    .         Harm     .   (no cloak)
rCorr    .         Rampage  .   (gloves unavailable)
Will     .....                  (boots unavailable)
Stlth    ++........             e - amulet of inaccuracy (curse)
HPRegen  0.05/turn              (no ring)
MPRegen  0.09/turn              (no ring)

@: very quick
A: very small, unfitting armour, reduced essence, talons 1, see invisible, speed
3, shaggy fur 1
a: Renounce Religion, Recall Ancestor, Ancestor Identity


You were on level 2 of the Dungeon.
You worshipped Hepliaklqana.
Hepliaklqana was aware of your devotion.
You visited 1 branch of the dungeon, and saw 2 of its levels.

You collected 24 gold pieces.

Inventory:

Hand Weapons
 a - a +1 hunting sling (weapon)
 b - a +0 short sword
Missiles
 d - 29 sling bullets (quivered ammo)
 f - 26 stones
Armour
 c - a +0 robe (worn)
Jewellery
 e - a cursed amulet of inaccuracy (around neck)


   Skills:
 * Level 1.6 Fighting
 * Level 0.3 Short Blades
 * Level 5.5(5.6) Slings
 * Level 0.3(2.8) Throwing
 * Level 3.2 Dodging
 * Level 2.0 Stealth
 * Level 0.2 Unarmed Combat
 * Level 0.2 Invocations


You had 2 spell levels left.
You didn't know any spells.
Your spell library was empty.

Dungeon Overview and Level Annotations

Branches:
Dungeon (2/15)

Altars:
Hepliaklqana


Innate Abilities, Weirdness & Mutations

You are very small and have problems with some larger weapons.
You are too small for most types of armour.
You have supernaturally acute eyesight. (SInv)
You cover ground extremely quickly.
Your life essence is reduced to manifest your ancestor. (-10% HP)
You have sharp toenails.
You are covered in fur. (AC +1)


Message History

You see here a sling bullet.
Fire: 32 sling bullets
Press: ? - help, Q - select action, (/) - cycle Shift-Dir - straight line, f - gnoll
Aim: a gnoll, wielding a +0 spear (asleep)
You shoot a sling bullet. The sling bullet hits the gnoll!
The gnoll is severely wounded.
The gnoll barely misses you.
Fire: 31 sling bullets
Press: ? - help, Q - select action, (/) - cycle Shift-Dir - straight line, f/p - gnoll
Aim: a gnoll, wielding a +0 spear (severely wounded)
You shoot a sling bullet. The sling bullet hits the gnoll.
The gnoll is severely wounded.
The gnoll hits you from afar with a +0 spear.
Fire: 30 sling bullets
Press: ? - help, Q - select action, (/) - cycle Shift-Dir - straight line, f/p - gnoll
Aim: a gnoll, wielding a +0 spear (severely wounded)
You shoot a sling bullet. The sling bullet misses the gnoll.
The gnoll hits you from afar with a +0 spear!
Ouch! That really hurt!
You die...

#### .(. .. ###
g# # ####.####.#
..#####....)..@.#
..(.........#####
........>.......
............##.#
............# #
............# .
##..........# [
#######†.#.## ..
$........#...
..#.##.##


You could see a gnoll.

Vanquished Creatures
  An adder (D:2)
  A gnoll (D:2)
  A dart slug (D:2)
  A giant cockroach (D:2)
  A hobgoblin (D:2)
  3 bats (D:2)
  A frilled lizard (D:2)
  3 rats (D:2)
12 creatures vanquished.

Vanquished Creatures (collateral kills)
  A goblin (D:2)
1 creature vanquished.

Vanquished Creatures (others)
  An ancestor (D:2)
1 creature vanquished.

Grand Total: 14 creatures vanquished

Notes
Turn   | Place    | Note
-------+----------+-------------------------------------------
     0 | D:1      | Mattiprrivan the Spriggan Hunter began the quest for the
                  | Orb.
     0 | D:1      | Reached XP level 1. HP: 10/10 MP: 2/2
    26 | D:1      | Gained mutation: You are partially covered in slimy green
                  | scales. (AC +2) [potion of mutation]
    26 | D:1      | Lost mutation: You are partially covered in slimy green
                  | scales. (AC +2) [potion of mutation]
    26 | D:1      | Gained mutation: You have sharp toenails. [potion of
                  | mutation]
    26 | D:1      | Gained mutation: You are covered in fur. (AC +1) [potion of
                  | mutation]
    36 | D:1      | You fall into a shaft and drop 1 floor!
    36 | D:2      | Found a faded altar of an unknown god.
    41 | D:2      | Became a worshipper of Hepliaklqana the Forgotten
    41 | D:2      | Reached * piety under Hepliaklqana
    64 | D:2      | Reached skill level 5 in Slings
   176 | D:2      | Reached XP level 2. HP: 12/12 MP: 3/3
   288 | D:2      | Reached XP level 3. HP: 16/16 MP: 4/4
   300 | D:2      | Slain by a gnoll

Illustrated notes

Levels and vault maps discovered:
D:1:      dpeg_arrival_short_road, layout_loops_corners
D:2:      layout_basic, chequers_ecumenical_altar_simple_redux

Skill      XL: |  1  2 |
---------------+-------+-----
Slings         | 5 |  5.5
Stealth        | 2 |  2.0
Fighting       | |  1.6
Short Blades   | |  0.3
Throwing       | |  0.3
Dodging        | |  3.2
Unarmed Combat | |  0.2
Invocations    | |  0.2

Action                   || total
-------------------------++-------
 Fire: Hunting sling     ||    44
Invok: Ancestor Identity ||     1
  Use: Potion            ||     4
       Scroll            ||     2
Dodge: Dodged            ||    11
